 Dungeon Crawl Stone Soup version 0.30-a0-748-ge6a52f7cba (webtiles) character file.

Game seed: 11707005962815540057

7 sircluck the Shooter (level 1, 0/10 HPs)
             Began as a Spriggan Hunter on Feb 8, 2023.
             Slain by a bat (1 damage)
             ... on level 1 of the Dungeon.
             The game lasted 00:00:13 (97 turns).

sircluck the Shooter (Spriggan Hunter)                Turns: 97, Time: 00:00:13

Health: 0/10       AC:  2    Str:  7    XL:     1   Next: 83%
Magic:  2/2        EV: 17    Int: 10    God:
Gold:   8          SH:  0    Dex: 18    Spells: 0/0 levels left

rFire   . . .      SeeInvis +    a - +0 shortbow
rCold   . . .      Faith    .    (shield currently unavailable)
rNeg    . . .      Spirit   .    c - +0 robe
rPois   .          Reflect  .    (helmet restricted)
rElec   .          Harm     .    (no cloak)
rCorr   .          Rampage  .    (gloves unavailable)
Will    .....                    (boots unavailable)
Stlth   ++                       (no amulet)
HPRegen 0.21/turn                (no ring)
MPRegen 0.08/turn                (no ring)

@: studying Maces & Flails, very quick
A: very small, no large weapons, unfitting armour, see invisible, speed 3
a: no special abilities


You were on level 1 of the Dungeon.
You visited 1 branch of the dungeon, and saw 1 of its levels.

You collected 8 gold pieces.

Inventory:

Hand Weapons
 a - a +0 shortbow (weapon)
Armour
 c - a +0 robe (worn)
Scrolls
 b - a scroll of immolation
 d - a scroll of identify {unknown}
 e - a scroll of brand weapon {unknown}
 f - a scroll of acquirement {unknown}


   Skills:
 + Level 1.6 Fighting
 + Level 4.3 Ranged Weapons
 + Level 2.7 Dodging
 + Level 1.5 Stealth


You couldn't memorise any spells.
You didn't know any spells.
Your spell library was empty.

Dungeon Overview and Level Annotations

Branches:
Dungeon (1/15)

Altars:


Innate Abilities, Weirdness & Mutations

You are very small and have problems with some larger weapons.
You are too small for most types of armour.
You have supernaturally acute eyesight. (SInv)
You cover ground extremely quickly. (Speed+++)


Message History

You are too injured to fight recklessly!
The bat hits you but does no damage. The bat attacks as you move away!
The bat misses you. The bat hits you. The bat attacks as you move away!
The bat completely misses you.
Fire: a) +0 shortbow
Press: ? - help, Q - select action Shift-Dir - straight line, f/p - jackal
Aim: a jackal (heavily wounded, 56% to hit)
You shoot an arrow. The arrow completely misses the jackal.
The bat barely misses you. The jackal barely misses you.
The bat barely misses you.
Fire: a) +0 shortbow
Press: ? - help, Q - select action Shift-Dir - straight line, f/p - jackal
Aim: a jackal (heavily wounded, 56% to hit)
You shoot an arrow. The arrow misses the jackal.
The bat hits you but does no damage. The jackal closely misses you.
The bat hits you but does no damage. The jackal completely misses you.
The jackal bites you.
Fire: a) +0 shortbow
Press: ? - help, Q - select action Shift-Dir - straight line, f/p - jackal
Aim: a jackal (heavily wounded, 56% to hit)
You shoot an arrow. The arrow barely misses the jackal.
The bat misses you. The jackal bites you.
The jackal bites you but does no damage.
The jackal closely misses you. The jackal bites you.
* * * LOW HITPOINT WARNING * * *
The jackal closely misses you.
Fire: a) +0 shortbow
Press: ? - help, Q - select action Shift-Dir - straight line, f/p - jackal
Aim: a jackal (heavily wounded, 56% to hit)
You shoot an arrow.
The arrow hits the jackal but does no damage.
The jackal is heavily wounded.
The bat misses you. The jackal barely misses you. The jackal bites you.
* * * LOW HITPOINT WARNING * * *
The jackal closely misses you. The jackal barely misses you.
The jackal misses you.
The jackal bites you but does no damage.
The jackal closely misses you. The bat hits you.
You die...

#.......†. ##........
#........ #........
#......... #w........
#gK.......
######h......# #####
#...@.hh.....# #...
#....b....##.###.#
#..♣......##.#...####
#..♣♣.♣...#....##....
#..♣.♣♣..##.#.###....
#....♣...##...# #...#
#........#....# #...#
#.......†#.##.# #.###
####.......##.# #.#..


You could see 3 jackals, a bat and a kobold.

Vanquished Creatures
  An endoplasm (D:1)
  A hobgoblin (D:1)
  A jackal (D:1)
  A kobold (D:1)
  A quokka (D:1)
5 creatures vanquished.

Notes
Turn   | Place    | Note
-------+----------+-------------------------------------------
     0 | D:1      | sircluck the Spriggan Hunter began the quest for the Orb.
     0 | D:1      | Reached XP level 1. HP: 10/10 MP: 2/2
    97 | D:1      | Slain by a bat

Illustrated notes

Levels and vault maps discovered:
D:1:      dpeg_arrival_simpleton_c, layout_rooms, chequers_garden

Action                     || total
---------------------------++-------
   Fire: Shortbow          ||    27
 Armour: Robe              ||     9
  Dodge: Dodged            ||    44

Table legend: (Time is in decaauts)
 A = Elapsed time spent in this place.
 B = Non-inter-level travel time spent in this place.
 C = Inter-level travel time spent in this place.
 D = Time resting spent in this place.
 E = Time spent auto-exploring this place.
 F = Levels seen in this place.
 G = Mean time per level.
                   A        B        C        D        E       F      G
               +--------+--------+--------+--------+--------+-----+--------+
         Total |     82 |     82 |      0 |      0 |     35 |   1 |   82.0 |
       Dungeon |     82 |     82 |      0 |      0 |     35 |   1 |   82.0 |
               +--------+--------+--------+--------+--------+-----+--------+

Top non-repeatable levels by time:
     D:1: 82 daAuts
